[Event "Betsys MČR v online bleskovém šachu 2021"]
[Site "Chess.com"]
[Date "2021.04.17"]
[Round "10"]
[White "Joanna23W"]
[Black "VitaRasik"]
[Result "0-1"]
[WhiteElo "2672"]
[BlackElo "2632"]
[TimeControl "180+1"]
[EndTime "10:41:19 PDT"]
[Termination "Uživatel VitaRasik zvítězil na čas"]

1. e4 d6 2. d4 g6 3. Nf3 Nf6 4.
Nc3 Bg7 5. h3 O-O 6. Be3 b6 7.
Qd2 Bb7 8. Bd3 e6 9. Bh6 c5 10. Bxg7 Kxg7 11. O-O cxd4 12. Nxd4 Nc6 13. Nxc6 Bxc6 14.
Rad1 a6 15. Qe3 Qc7 16. f4 b5 17. a3 Qa7 18. Qxa7 Rxa7 19. Rfe1 Rd8 20. Bf1 Rad7 21. Kf2 e5 22. g3 Re8 23. f5 Kf8 24. g4 g5 25. Bg2 Ke7 26. Na2 h5 27. Kg3 hxg4 28.
hxg4 Rh8 29. Nb4 Bb7 30. Bf3 Rdd8 31. c3 Rh4 32. a4 bxa4 33. Nd5+ Bxd5 34. exd5 Rdh8 35.
Ra1 Rh3+ 36. Kf2 Rh2+ 37. Ke3 R8h3 38. Rxa4 e4 39. Rxe4+ Nxe4 40. Kxe4 Rxb2 41. Kd4+ Kf6 42. Be2 a5 43. Bc4 Rd2+ 44. Ke4 Rg3 45. Be2 Rxc3 46. Bf3 Rdd3 0-1

[Event "Betsys MČR v online bleskovém šachu 2021"]
[Site "Chess.com"]
[Date "2021.04.17"]
[Round "10"]
[White "Michaela1994"]
[Black "David_Mic"]
[Result "0-1"]
[WhiteElo "1650"]
[BlackElo "2004"]
[TimeControl "180+1"]
[EndTime "10:41:19 PDT"]
[Termination "Uživatel David_Mic zvítězil po vzdání soupeře"]

1. e4 c5 2. c3 Nf6 3. e5 Nd5 4. d4 cxd4 5. Nf3 Nc6 6. cxd4 d6 7. exd6 Qxd6 8. Nc3 Bg4 9. Be2 e6 10. O-O Be7 11.
Be3 O-O 12. Qd2 Rfd8 13. Rac1 a6 14. Rfd1 Rac8 15. h3 Bf5 16. Bd3 Bxd3 17. Qxd3 Nf4 18. Bxf4 Qxf4 19. Qe4 Qxe4 20. Nxe4 Nxd4 21. Nxd4 Rxc1 22.
Rxc1 Rxd4 23. Rc8+ Rd8 24. Rxd8+ Bxd8 25. Nd6 b6 26. Kf1 Bc7 27. Nc4 Kf8 28. Ke2 Ke7 29.
Kd3 b5 30. Nd2 Be5 31. b3 f5 32. Nf3 Bf6 33. g4 g6 34. Ng1 e5 35. Ne2 e4+ 36.
Ke3 Be5 37. f4 exf3 38. Kxf3 Kd6 39. Nc1 Kd5 40. Nd3 Bd6 41. Nc1 Kd4 42. Ne2+ Kd3 43. gxf5 gxf5 44. h4 Be5 45. h5 Kc2 46. Nf4 Kb2 47. Nd5 Kxa2 48. b4 Kb3 49. Ke3 Kc4 50. Ne7 f4+ 51. Kf3 Bc3 52. Nf5 Bd2 0-1

[Event "Betsys MČR v online bleskovém šachu 2021"]
[Site "Chess.com"]
[Date "2021.04.17"]
[Round "10"]
[White "Krtecci"]
[Black "ffbp3q"]
[Result "0-1"]
[WhiteElo "2074"]
[BlackElo "2356"]
[TimeControl "180+1"]
[EndTime "10:41:20 PDT"]
[Termination "Uživatel ffbp3q zvítězil na čas"]

1. e4 c5 2. Nf3 d6 3. d4 cxd4 4. Nxd4 Nf6 5. Nc3 a6 6. Bg5 Nbd7 7. f4 Qc7 8. Qf3 h6 9. Bh4 g5 10. Bg3 gxf4 11. Bxf4 e6 12. O-O-O Be7 13. Kb1 Ne5 14. Qg3 Rg8 15. Qe3 Neg4 16. Qf3 e5 17. Nf5 Bxf5 18. exf5 exf4 19. Qxf4 O-O-O 20. Be2 Ne5 21.
g3 h5 22. Rhe1 Kb8 23. Bf1 Rc8 24. Qa4 Rg4 25. Qb3 h4 26. Be2 Rg5 27. gxh4 Rxf5 28. Bxa6 Rf2 29. Be2 Bf8 30. Rf1 Rxf1 31. Rxf1 Nfd7 32.
Nd5 Qc5 33. Ba6 Qa7 34. Be2 Rc5 35. Rd1 Bg7 36. h5 Bh6 37. h4 Ra5 38. a3 Nc5 39. Qg3 Ka8 40. Nc7+ Kb8 41. Rxd6 Kxc7 42. Qxe5 Nd7 43. Rd5+ Kd8 0-1

[Event "Betsys MČR v online bleskovém šachu 2021"]
[Site "Chess.com"]
[Date "2021.04.17"]
[Round "10"]
[White "FMD-MP"]
[Black "handlovskyjachym"]
[Result "1/2-1/2"]
[WhiteElo "1716"]
[BlackElo "1382"]
[TimeControl "180+1"]
[EndTime "10:41:20 PDT"]
[Termination "Remíza opakováním pozice"]

1. e4 c5 2. Nf3 d6 3. b3 Nf6 4. Nc3 g6 5. Bb2 Bg7 6. Rb1 O-O 7. Bc4 Nc6 8. O-O Bd7 9. h3 Rc8 10. Re1 a6 11. Nd5 b5 12. Bf1 Nh5 13. Bxg7 Nxg7 14.
c4 b4 15. d4 cxd4 16. Nxd4 Nxd4 17. Qxd4 Ne6 18. Qd2 Bc6 19. Qxb4 Bxd5 20. exd5 Nd4 21.
Qb7 Ra8 22. Qxe7 Qb6 23. Qe3 Rae8 24. Qc3 Nf5 25. Rxe8 Rxe8 26. Re1 Rxe1 27. Qxe1 Qd4 28. Qa5 Ng3 29. Qe1 Ne4 30. Qe3 Qe5 31. Bd3 Qa1+ 32. Kh2 f5 33. Bxe4 fxe4 34. Qxe4 Qxa2 35. Qe6+ Kg7 36.
Qe3 a5 37. f3 a4 38. bxa4 Qxa4 39. Qe7+ Kg8 40. Qxd6 Qxc4 41. Qe6+ Kg7 42. Qe7+ Kg8 43. d6 Qf4+ 44. Kh1 Qc1+ 45. Kh2 Qf4+ 46. Kg1 Qc1+ 47. Kf2 Qd2+ 48. Kg3 Qg5+ 49. Kh2 Qf4+ 1/2-1/2

[Event "Betsys MČR v online bleskovém šachu 2021"]
[Site "Chess.com"]
[Date "2021.04.17"]
[Round "10"]
[White "Lunaticx"]
[Black "MartinCerveny"]
[Result "1/2-1/2"]
[WhiteElo "2980"]
[BlackElo "2673"]
[TimeControl "180+1"]
[EndTime "10:41:21 PDT"]
[Termination "Remíza opakováním pozice"]

1. d4 d5 2. c4 c6 3. Nf3 Nf6 4. e3 Bf5 5. Nc3 e6 6. Nh4 Bg4 7. Qb3 b6 8. h3 Bh5 9. g4 Ne4 10. Ng2 Bg6 11. Nf4 Qh4 12. Rh2 Bd6 13. cxd5 Nxc3 14.
bxc3 exd5 15. Ba3 Qe7 16. Bxd6 Qxd6 17. Qb4 Ke7 18. Bg2 Nd7 19. Qxd6+ Kxd6 20. Rh1 b5 21. h4 h5 22. g5 Nb6 23. Nxg6 fxg6 24. Bf1 Rae8 25.
Bd3 Re6 26. Ke2 a5 27. a3 a4 28. Rh3 Rf8 29. Rf3 Rxf3 30. Kxf3 Nc8 31. Rg1 Ke7 32. Kf4 Nd6 33. f3 Kf7 34. e4 Re7 35. e5 Ne8 36. Ke3 Nc7 37. f4 Ne6 38. Rf1 Nf8 39. f5 gxf5 40.
Bxf5 Ke8 41. Bd3 Rf7 42. Rg1 g6 43. Rg3 Ke7 44. Ke2 Ke6 45. Rf3 Rxf3 46. Kxf3 Ke7 47. Ke3 Ke6 48. Bf1 Ke7 49. Bd3 Ke6 50. Kf3 Ke7 51.
Bf1 Ke6 52. Bh3+ Ke7 53. Ke3 Ne6 54. Bg2 Kf7 55. Bf1 Ke7 56. Bd3 Kf7 57. Bc2 Kg7 58. Bd1 Kf7 59. Bf3 Kg7 60. Bg2 Kf7 61. Bh3 Ke7 62.
Bxe6 Kxe6 63. Kd3 Ke7 64. Kd2 Ke6 65. Kd3 Ke7 66. Kd2 Ke6 67. Kd3 1/2-1/2

[Event "Betsys MČR v online bleskovém šachu 2021"]
[Site "Chess.com"]
[Date "2021.04.17"]
[Round "10"]
[White "Krvelacny_krecek"]
[Black "tomasPardubice"]
[Result "0-1"]
[WhiteElo "2359"]
[BlackElo "2103"]
[TimeControl "180+1"]
[EndTime "10:41:21 PDT"]
[Termination "Uživatel tomasPardubice zvítězil na čas"]

1. d4 Nf6 2. c4 e6 3. g3 d5 4. Bg2 dxc4 5. Nf3 c5 6. O-O Nc6 7. Ne5 Nxe5 8. dxe5 Qxd1 9. Rxd1 Nd7 10. f4 Be7 11. Na3 Nb6 12. Nb5 O-O 13. Nd6 Rb8 14. a4 Nd5 15. Nxc4 Rd8 16. e4 Nb4 17. Rxd8+ Bxd8 18. Bd2 Bd7 19. Bxb4 cxb4 20. b3 Kf8 21. Bf1 Ke7 22.
Nd6 Bc6 23. Bb5 Bc7 24. Bxc6 bxc6 25. Nc4 Rd8 26. Kf2 Rd3 27. Rb1 Rc3 28. Rb2 Bb6+ 29. Ke2 Bd4 30. Rd2 Bb6 31. Rd3 Rc2+ 32. Nd2 Bg1 33. h4 Rc3 34. Rxc3 bxc3 35. Nf1 c5 36. Kd3 Bd4 37. Nh2 Bf2 38. Nf1 Bd4 39. h5 Kd7 40. Ne3 f6 41. exf6 gxf6 42. Nc4 f5 43.
exf5 exf5 44. Ne3 Ke6 45. Nd1 Kf6 46. Nxc3 Bf2 47. Ne2 Kg7 0-1

[Event "Betsys MČR v online bleskovém šachu 2021"]
[Site "Chess.com"]
[Date "2021.04.17"]
[Round "10"]
[White "petrgnojek"]
[Black "Mitram64"]
[Result "1-0"]
[WhiteElo "2275"]
[BlackElo "2091"]
[TimeControl "180+1"]
[EndTime "10:41:22 PDT"]
[Termination "Uživatel petrgnojek zvítězil na čas"]

1. d4 Nf6 2. c4 c5 3. d5 e5 4. Nc3 d6 5. e4 Be7 6. Nf3 O-O 7. Be2 Ne8 8. O-O g6 9. Bh6 Ng7 10. Ne1 f5 11. f3 Bg5 12. Bxg5 Qxg5 13. Nd3 a6 14. a3 Nd7 15. b4 b6 16. Qc1 f4 17.
bxc5 Nxc5 18. Nxc5 bxc5 19. Rb1 Ra7 20. Rb6 Bh3 21. Rf2 Nh5 22. Bf1 Bc8 23. Rxd6 Rg7 24. Na4 Qe7 25. Rb6 Ng3 26. Rfb2 g5 27. d6 Qd8 28. Nxc5 g4 29. fxg4 Rxg4 30. Nd3 Nxe4 31. Nxe5 Rg7 32. Nf3 Nxd6 33. Qd2 Rd7 34. c5 Ne4 35.
Qc2 Kh8 36. Qxe4 Re8 37. Qxf4 Rd1 38. Qf6+ Qxf6 39. Rxf6 Bg4 40. Rd6 Rc1 41. Rbd2 Bxf3 42. gxf3 Ree1 43. Rf2 Rxc5 44. Rxa6 1-0

[Event "Betsys MČR v online bleskovém šachu 2021"]
[Site "Chess.com"]
[Date "2021.04.17"]
[Round "10"]
[White "misa2009"]
[Black "alenka777"]
[Result "1-0"]
[WhiteElo "1516"]
[BlackElo "1282"]
[TimeControl "180+1"]
[EndTime "10:41:23 PDT"]
[Termination "Uživatel misa2009 zvítězil na čas"]

1. e4 e5 2. d4 exd4 3. Bc4 Nf6 4.
Bg5 Be7 5. c3 Nxe4 6. Bxe7 Qxe7 7. Ne2 O-O 8. O-O dxc3 9. Nbxc3 Nxc3 10. Nxc3 Qh4 11. Qf3 Qxc4 12. Qg3 d6 13. Rfe1 Nc6 14.
Ne4 Qd4 15. b3 Ne5 16. Rad1 Qb2 17. f4 Nc6 18. Qg5 h6 19. Qh5 Bd7 20. f5 Qe5 21.
Ng3 Qc5+ 22. Kh1 Ne5 23. Ne4 Qc2 24. f6 Ng6 25. fxg7 Kxg7 26. Qf3 Bc6 27. Qf6+ Kh7 28. Rd2 Qc5 29. Nxc5 dxc5 30. Qc3 Rfe8 31. Rde2 Rxe2 32. Rxe2 Nf4 33. Qc2+ Ng6 34. Re7 Rd8 35. h3 Bd5 36. Rxc7 Be6 37. Re7 Rd5 38. Qe4 Rf5 39. Qxb7 a5 40.
Rxe6 Kg7 41. Rxg6+ Kxg6 42. Qc6+ f6 43. Qb5 Rf2 44.
Qxa5 1-0

[Event "Betsys MČR v online bleskovém šachu 2021"]
[Site "Chess.com"]
[Date "2021.04.17"]
[Round "10"]
[White "KJ327NR"]
[Black "TheRigos"]
[Result "1-0"]
[WhiteElo "2365"]
[BlackElo "2548"]
[TimeControl "180+1"]
[EndTime "10:41:24 PDT"]
[Termination "Uživatel KJ327NR zvítězil po vzdání soupeře"]

1. e4 f5 2. exf5 Nf6 3. d4 d5 4.
Bd3 c5 5. dxc5 e5 6. fxe6 Bxc5 7.
Nf3 O-O 8. O-O Bxe6 9. h3 Kh8 10. Bg5 Nc6 11. c3 Qd7 12. Bxf6 Rxf6 13. Ng5 Bg8 14. Qh5 Raf8 15. Nxh7 Rh6 16. Nxf8 Bxf8 17. Qf5 Qe8 18. Nd2 Be6 19. Rae1 Bd6 20. Nf3 Qd7 21. Rxe6 Qxe6 22. Qxe6 Rxe6 23. Ng5 Rf6 24. Nf3 g6 25. Re1 Kg7 26.
Re8 Bc5 27. Rc8 Bb6 28. c4 dxc4 29. Bxc4 Rd6 30. Rg8+ Kf6 31. Rf8+ Kg7 32. Rg8+ Kf6 33.
g3 Rd1+ 34. Kg2 Rb1 35. Rf8+ Kg7 36. Rf7+ Kh6 37. g4 g5 38. h4 Rxb2 39. hxg5+ Kg6 40.
Rf6+ Kg7 41. Rf7+ Kg6 42. Rf6+ Kg7 43. Nh4 Nd4 44. Nf5+ Nxf5 45. Rxf5 Rd2 46. Bb3 Rd4 47. Kg3 Bc7+ 48. f4 Rd3+ 49. Kh4 Rf3 50. Rf7+ Kh8 51. Rxc7 Rxf4 52. g6 1-0

[Event "Betsys MČR v online bleskovém šachu 2021"]
[Site "Chess.com"]
[Date "2021.04.17"]
[Round "10"]
[White "Zelezny1984"]
[Black "rolkento"]
[Result "0-1"]
[WhiteElo "2062"]
[BlackElo "2243"]
[TimeControl "180+1"]
[EndTime "10:41:24 PDT"]
[Termination "Uživatel rolkento zvítězil na čas"]

1. e4 e6 2. d4 d5 3. Nd2 Nf6 4.
e5 Nfd7 5. Ngf3 c5 6. c3 Nc6 7. Bd3 a6 8. O-O b5 9. Re1 Qb6 10. dxc5 Bxc5 11. Re2 a5 12. Nb3 Be7 13. Nbd4 Ba6 14. Qb3 b4 15. Bxa6 Qxa6 16. Qd1 O-O 17. Bf4 bxc3 18. bxc3 Rfc8 19. Rb1 Rab8 20. Reb2 h6 21.
h3 Rxb2 22. Rxb2 Nxd4 23. cxd4 Rb8 24. Rxb8+ Nxb8 25. Qa4 Nc6 26. Bd2 Qb6 27. Bc3 Bb4 28. Bxb4 axb4 29. Kh2 Kh7 30. Qd1 Qb5 31. Qc2+ Kg8 32.
Qc5 Qxc5 33. dxc5 Kf8 34. Kg3 Ke7 35. Kf4 Kd7 36. Ke3 f6 37. exf6 gxf6 38. Nd4 e5 39. Nf5 Ke6 40. Nxh6 Nd4 41. Kd3 Nb5 42. Ng4 e4+ 43. Kc2 d4 44. Kb3 Kd5 45. Kxb4 Nc3 46. a4 Na2+ 47. Kb5 d3 0-1

[Event "Betsys MČR v online bleskovém šachu 2021"]
[Site "Chess.com"]
[Date "2021.04.17"]
[Round "10"]
[White "ritchi12"]
[Black "TomSedmihradsky"]
[Result "1-0"]
[WhiteElo "1114"]
[BlackElo "1390"]
[TimeControl "180+1"]
[EndTime "10:41:24 PDT"]
[Termination "Uživatel ritchi12 zvítězil na čas"]

1. e4 e6 2. Nf3 d5 3. exd5 exd5 4. Qe2+ Be6 5. Qb5+ Nc6 6. Qxb7 Nge7 7. Qb5 Rb8 8.
Qd3 Nb4 9. Qe3 Nxc2+ 10. Ke2 Nxe3 11. fxe3 Qd6 12. Kf2 Rxb2 13. Bxb2 Qb6 14. Bd4 Qb4 15.
Bc3 Qb6 16. Bd4 c5 17. Be5 Nc6 18. Bg3 Bg4 19. Ne5 Nxe5 20. Bxe5 f6 21. Bf4 Qb2 22. Bb5+ Qxb5 23. Nc3 Qa6 24. Nxd5 g5 25. Nc7+ Kd7 26. Nxa6 Kc6 27. Bc7 h5 28. Rab1 c4 29. Rhc1 Be6 30. a4 Rh7 31. Nb4+ Kxc7 32. Na6+ Kc8 33. h3 Rd7 34.
Rd1 Rd3 35. Nc5 Rd6 36. Ne4 Rd3 37. Nxf6 Bg7 38. Nxh5 Be5 39. Ng3 Bxg3+ 40. Kxg3 Rd8 41. Kf3 Rf8+ 42. Ke2 Rf7 43. Rf1 Re7 44. Rf8+ Kc7 45. Rff1 Rd7 46. Rfd1 c3 47. dxc3 Bc4+ 48. Kf3 1-0

[Event "Betsys MČR v online bleskovém šachu 2021"]
[Site "Chess.com"]
[Date "2021.04.17"]
[Round "10"]
[White "RomanHlavicka"]
[Black "starypomalymuz"]
[Result "0-1"]
[WhiteElo "1533"]
[BlackElo "1762"]
[TimeControl "180+1"]
[EndTime "10:41:26 PDT"]
[Termination "Uživatel starypomalymuz zvítězil na čas"]

1. e4 e6 2. d4 a6 3. Nf3 b5 4. Nc3 Bb7 5. Bd3 Nf6 6. Bg5 Be7 7. e5 Nd5 8. Bxe7 Qxe7 9. Nxd5 Bxd5 10. O-O c5 11.
dxc5 Qxc5 12. Qe2 Nc6 13. c3 h6 14. Rfe1 O-O 15. Nd2 Ne7 16. Ne4 Bxe4 17. Qxe4 Ng6 18.
Re3 Qc6 19. Qg4 d5 20. Bxg6 fxg6 21. Qxg6 Rf5 22. Rae1 Raf8 23. f3 Qb6 24. Kh1 Rg5 25.
Qd3 a5 26. Qd4 Qc6 27. f4 Rgf5 28. g3 b4 29. a3 bxc3 30. Rxc3 Qb7 31. Qd2 d4+ 32.
Qg2 Qxg2+ 33. Kxg2 dxc3 34. bxc3 Rc8 35. Rc1 Rf7 36. c4 Rfc7 37. Rd1 Rxc4 38. Rd6 R4c6 39. Rd7 R8c7 40. Rd8+ Kf7 41. Ra8 Rc5 42. Ra6 Rc2+ 43. Kh3 R2c5 44. Ra8 Kg6 45. Ra6 R7c6 46. Ra7 h5 47. Kh4 Kh6 48. Ra8 Rc2 49. Rh8+ Kg6 50. h3 R2c3 51. Rxh5 Rxa3 52. Rg5+ Kf7 53. Rh5 Rcc3 0-1

[Event "Betsys MČR v online bleskovém šachu 2021"]
[Site "Chess.com"]
[Date "2021.04.17"]
[Round "10"]
[White "catanist19"]
[Black "g4g5g4g5"]
[Result "0-1"]
[WhiteElo "1740"]
[BlackElo "2003"]
[TimeControl "180+1"]
[EndTime "10:41:30 PDT"]
[Termination "Uživatel g4g5g4g5 zvítězil na čas"]

1. d4 Nf6 2. c4 e6 3. Nc3 d5 4. e3 Be7 5. Nf3 O-O 6. Bd3 a6 7. O-O dxc4 8. Bxc4 b5 9. Bd3 Bb7 10. Qe2 Nbd7 11. e4 c5 12. e5 Nd5 13. Qe4 g6 14. Nxd5 Bxd5 15. Qg4 Bxf3 16. gxf3 cxd4 17. Qxd4 Nc5 18.
Qxd8 Rfxd8 19. Be2 Rac8 20. Be3 Na4 21. Rac1 Nxb2 22.
Rxc8 Rxc8 23. Bd4 Na4 24. Bd3 Nc3 25. Kg2 Nd5 26. Be4 Nf4+ 27. Kh1 Ba3 28. Rd1 Kg7 29. Bb7 Rd8 30. Rd2 Bc5 31. Be3 Rxd2 32. Bxd2 Nd3 33. Bxa6 Nxf2+ 34. Kg2 b4 35. Bxb4 Bxb4 36. Kxf2 g5 37.
Ke3 h5 38. Ke4 Kh6 39. Bb5 Bc3 40. Be8 f5+ 41. exf6 Bxf6 42. a4 Kg7 43. a5 Bd8 44. a6 Bb6 45. Bxh5 Kf6 46. Bg4 Ba7 47.
Kd3 Bb6 48. Kc4 Ke5 0-1

[Event "Betsys MČR v online bleskovém šachu 2021"]
[Site "Chess.com"]
[Date "2021.04.17"]
[Round "10"]
[White "Patriktesko"]
[Black "ReitteN"]
[Result "1-0"]
[WhiteElo "2054"]
[BlackElo "1773"]
[TimeControl "180+1"]
[EndTime "10:41:31 PDT"]
[Termination "Uživatel Patriktesko zvítězil po vzdání soupeře"]

1. d4 Nf6 2. Nf3 d5 3. Bg5 Bf5 4. c3 e6 5. e3 h6 6. Bf4 Bd6 7.
Nbd2 a6 8. Be2 Bxf4 9. exf4 Nbd7 10. O-O O-O 11. Ne5 Nxe5 12. fxe5 Ne4 13. Nxe4 Bxe4 14. Bd3 Bxd3 15. Qxd3 c5 16. a3 Rc8 17. g3 Qb6 18. dxc5 Qxc5 19. Rae1 Rfd8 20. Rd1 Qc4 21. Qxc4 Rxc4 22. f4 Rdc8 23. Kf2 Kf8 24. h4 Ke7 25.
Kf3 h5 26. Rf2 f5 27. exf6+ gxf6 28. Re2 R8c6 29. Rxd5 R4c5 30. Rxc5 Rxc5 31. Rd2 Rb5 32. b4 a5 33. Ke4 axb4 34. axb4 f5+ 35. Ke3 e5 36. fxe5 Rxe5+ 37. Kf4 Re4+ 38. Kxf5 Re3 39. g4 hxg4 40. Kxg4 Rxc3 41. Rd4 Kf6 42. b5 Rc5 43. Rb4 b6 44. Rf4+ Kg7 45. Rf5 Rc4+ 46. Kg5 Rb4 47. Rd5 Rb1 48. Rd7+ Kg8 49. Kg6 Rg1+ 50. Kh6 Rb1 51.
Rd5 Rb4 52. h5 Kf7 53. Kh7 Ke6 54. Rg5 Rf4 55. h6 Rf7+ 56. Kg8 Ra7 57. Rg6+ Kf5 58. Rxb6 Ra8+ 59. Kg7 Ra7+ 60. Kf8 Ra8+ 61. Ke7 Ra7+ 62. Kd6 Rh7 63. Kc5 Ke5 64. Rc6 Rb7 65. b6 1-0

[Event "Betsys MČR v online bleskovém šachu 2021"]
[Site "Chess.com"]
[Date "2021.04.17"]
[Round "10"]
[White "PavelNo"]
[Black "masodj"]
[Result "1/2-1/2"]
[WhiteElo "1954"]
[BlackElo "1730"]
[TimeControl "180+1"]
[EndTime "10:41:32 PDT"]
[Termination "Remíza opakováním pozice"]

1. e4 c5 2. Nf3 Nc6 3. Bb5 Nf6 4. Bxc6 bxc6 5. e5 Nd5 6. O-O g6 7. Re1 Bg7 8. b3 d6 9. Bb2 O-O 10. d3 Qc7 11. exd6 exd6 12. Bxg7 Kxg7 13. Qd2 Bg4 14. Ng5 Rfe8 15. Nc3 Kg8 16. h3 Bf5 17. Nge4 Nxc3 18. Nxc3 d5 19. Rxe8+ Rxe8 20. Re1 Re5 21. Na4 Qe7 22. Rxe5 Qxe5 23. Nxc5 Qa1+ 24. Kh2 Qxa2 25. b4 Qb2 26. g3 h5 27. Nb3 h4 28. Na5 hxg3+ 29.
fxg3 Bd7 30. Nb3 Qe5 31. Nc5 Bf5 32. d4 Qe8 33. c3 Kg7 34. g4 Be4 35. Qe3 Qb8+ 36.
Kg1 Qh8 37. Nxe4 dxe4 38. Kg2 Qe8 39. Kg3 f5 40. gxf5 gxf5 41. Qg5+ Kh8 42. Qxf5 e3 43. Qf1 e2 44. Qe1 Qe3+ 45. Kg2 Kg7 46. h4 Kh6 47. Kh2 Kh5 48. Kg2 Kh6 49. Kh2 Kh5 50. Kg2 Kh6 1/2-1/2

[Event "Betsys MČR v online bleskovém šachu 2021"]
[Site "Chess.com"]
[Date "2021.04.17"]
[Round "10"]
[White "Asmodai5"]
[Black "TTCZ"]
[Result "1/2-1/2"]
[WhiteElo "1266"]
[BlackElo "1451"]
[TimeControl "180+1"]
[EndTime "10:41:32 PDT"]
[Termination "Remíza opakováním pozice"]

1. e4 e6 2. Nf3 d5 3. exd5 exd5 4. Nc3 Nf6 5. d3 Be7 6. Bg5 O-O 7. Bxf6 Bxf6 8.
Be2 Re8 9. O-O c6 10. d4 Bg4 11. Qd3 Nd7 12. b3 Qb6 13. h3 Bxf3 14. Bxf3 Qxd4 15. Qxd4 Bxd4 16. Ne2 Bxa1 17. Rxa1 Nf6 18. Ng3 Ne4 19.
Bxe4 dxe4 20. Re1 Rad8 21. Kh2 Rd2 22. Kg1 Rxc2 23. a4 g6 24. b4 f5 25. a5 Rc4 26. h4 h6 27. Rd1 Rxb4 28. Rd6 Rb1+ 29.
Kh2 Kf7 30. h5 gxh5 31. Nxh5 Rb5 32. Rf6+ Ke7 33. Rxh6 Rxa5 34. Rh7+ Kd6 35. Rh6+ Kc5 36. Nf6 Kd4 37. Nxe8 b5 38. Rd6+ Kc5 39. Rf6 b4 40.
Nd6 b3 41. Rxf5+ Kb6 42. Rxa5 Kxa5 43. Nxe4 b2 44. Nd2 Kb4 45. g4 Kc3 46. Nb1+ Kc2 47. Na3+ Kb3 48. Nb1 c5 49. g5 Ka2 50. Nd2 b1=Q 51.
Nxb1 Kxb1 52. g6 c4 53. g7 c3 54. g8=Q c2 55. Qb8+ Kc1 56. Qc8 Kd1 57. Qd8+ Kc1 58. Qc8 Kd1 59. Qd8+ Kc1 60. Qc8 1/2-1/2

[Event "Betsys MČR v online bleskovém šachu 2021"]
[Site "Chess.com"]
[Date "2021.04.17"]
[Round "10"]
[White "KdybyNecoTakNic"]
[Black "Diamantidis_13"]
[Result "0-1"]
[WhiteElo "2306"]
[BlackElo "2451"]
[TimeControl "180+1"]
[EndTime "10:41:34 PDT"]
[Termination "Uživatel Diamantidis_13 zvítězil na čas"]

1. Nf3 Nf6 2. g3 b5 3. Bg2 Bb7 4. O-O e6 5. d3 c5 6. e4 d6 7.
Nbd2 Nbd7 8. Qe2 Be7 9. b3 O-O 10. Bb2 Qc7 11. Rfe1 Ne5 12. Nxe5 dxe5 13. Rf1 Bd6 14.
h3 Nd7 15. Qh5 Qa5 16. Qe2 Rae8 17. f4 exf4 18. gxf4 f5 19. a4 b4 20. Nc4 Qc7 21. e5 Be7 22. Kh1 Nb6 23. Nxb6 axb6 24. Rg1 Rf7 25.
Rad1 Rd8 26. Kh2 Bf8 27. Bf3 Bxf3 28. Qxf3 Qb7 29. Qxb7 Rxb7 30. Ra1 Ra7 31. Kg3 g6 32. Kf3 Kf7 33. h4 h5 34. Rgb1 Be7 35. Kg3 Rda8 36. d4 Rd8 37. dxc5 Bxc5 38. Rd1 Rad7 39. Rxd7+ Rxd7 40. a5 bxa5 41. Rxa5 Rc7 42. c3 bxc3 43. Bc1 c2 44.
Kf3 Be7 45. Ke2 Bxh4 46. Kd3 Be7 47. Ra6 h4 48. Ra8 Kg7 49. Ke2 h3 50. Kf2 Rd7 51. Kg3 Rd1 52. Be3 Rd3 53. Ra7 Rxe3+ 54. Kf2 c1=Q 0-1

[Event "Betsys MČR v online bleskovém šachu 2021"]
[Site "Chess.com"]
[Date "2021.04.17"]
[Round "10"]
[White "avsokol"]
[Black "jachymcarostrelec4"]
[Result "1-0"]
[WhiteElo "2347"]
[BlackElo "1966"]
[TimeControl "180+1"]
[EndTime "10:41:34 PDT"]
[Termination "Uživatel avsokol zvítězil na čas"]

1. e4 c5 2. Nf3 e6 3. d4 cxd4 4. Nxd4 Qb6 5. Nb3 a6 6. Nc3 Qc7 7. a4 Nf6 8. Bd3 b6 9. O-O Bb7 10. Qe2 d6 11. Be3 Nbd7 12. f4 Be7 13. f5 e5 14. Bg5 Nc5 15. Nxc5 dxc5 16. Bc4 h6 17. Bxf6 Bxf6 18. Bd5 Rd8 19. Bxb7 Qxb7 20. Nd5 Bg5 21. Rad1 O-O 22. Rd3 c4 23. Rg3 f6 24. Qxc4 Kh7 25. Qb3 b5 26. Rd3 Qa7+ 27. Kh1 Rc8 28. axb5 axb5 29.
c3 Rc4 30. Re1 Qc5 31. Rf3 Ra8 32. g3 Raa4 33. Qc2 Rxe4 34. Rxe4 Qxd5 35. h4 Rxe4 36.
hxg5 hxg5 37. Kh2 g4 38. Rd3 Qc4 39. b3 Qc5 40. Kg2 b4 41. c4 Rd4 42. Rxd4 Qxd4 43. c5 Qd5+ 44. Kg1 Qc6 45. Qc4 e4 46. Kf2 Kh6 47. Ke3 Kg5 48. Kd4 Qd7+ 49. Ke3 Qc6 50. Qxb4 Kxf5 51. Qc4 1-0

[Event "Betsys MČR v online bleskovém šachu 2021"]
[Site "Chess.com"]
[Date "2021.04.17"]
[Round "10"]
[White "Ehlundi"]
[Black "Millbo64"]
[Result "0-1"]
[WhiteElo "1755"]
[BlackElo "1987"]
[TimeControl "180+1"]
[EndTime "10:41:35 PDT"]
[Termination "Uživatel Millbo64 zvítězil na čas"]

1. e4 c6 2. Nf3 d5 3. exd5 cxd5 4. d4 Nf6 5. Bd3 Bg4 6. O-O e6 7. Bf4 Bd6 8. Bg3 O-O 9. Nbd2 Nc6 10. c3 Qc7 11. Qc2 g6 12. Rfe1 Rfe8 13. Ne5 Bxe5 14. Bxe5 Nxe5 15. dxe5 Nd7 16. f4 Nc5 17. Nb3 Nxd3 18.
Qxd3 Bf5 19. Qe3 b6 20. Nd4 Be4 21. Qe2 a6 22. h4 b5 23. h5 Qc4 24. Qg4 Kg7 25. Qg5 Qc5 26. Qf6+ Kg8 27. h6 Qf8 28. Qg5 Qe7 29. Qg3 f6 30. Nf3 Bxf3 31. Qxf3 Qf8 32.
Qh3 f5 33. Re3 Rac8 34. Rg3 Rc4 35. Qh4 Qe7 36. Qxe7 Rxe7 37. Rf3 Rec7 38. a3 d4 39.
Rc1 a5 40. Kf2 b4 41. axb4 axb4 42. Ke2 dxc3 43. bxc3 bxc3 44. Kd3 c2 45. Rf2 Rc3+ 46. Kd2 R7c4 47. Ke2 Kf7 48. Kd2 g5 49. Rf3 Rxf3 50. gxf3 Rxf4 51. Ke3 Rc4 52. Kd3 Rc8 53. Ke3 Kg6 54.
f4 g4 55. Kf2 Kxh6 56. Kg3 Kg6 57. Kf2 h5 58. Kg3 Rc3+ 59. Kf2 h4 60. Kg2 h3+ 61. Kh2 Kh5 0-1

[Event "Betsys MČR v online bleskovém šachu 2021"]
[Site "Chess.com"]
[Date "2021.04.17"]
[Round "10"]
[White "Petulak08"]
[Black "sachistamartin"]
[Result "0-1"]
[WhiteElo "1170"]
[BlackElo "1434"]
[TimeControl "180+1"]
[EndTime "10:41:36 PDT"]
[Termination "Uživatel sachistamartin zvítězil na čas"]

1. d4 d5 2. c4 Nf6 3. Nf3 Nc6 4. Nc3 e6 5. Bf4 a6 6. Qb3 Na5 7. Qa4+ c6 8. cxd5 exd5 9. e3 Bd7 10. b4 Nc4 11. Bxc4 dxc4 12. Ne5 Be7 13. Nxd7 Qxd7 14. Rb1 b5 15. Qa3 a5 16. O-O axb4 17. Qxa8+ Bd8 18. Rxb4 O-O 19. Qa6 Be7 20. Rb2 b4 21. Na4 c3 22.
Rc2 Ne4 23. f3 Nd2 24. Rd1 Nc4 25. Qxc4 Qf5 26. Qd3 Qa5 27. Nc5 Rd8 28. Qc4 g5 29.
Bg3 Bxc5 30. Qxc5 Qxc5 31. dxc5 Rxd1+ 32. Kf2 Kg7 33. Ke2 Rg1 34. Kf2 Rb1 35. Ke2 Rb2 36. Rxb2 cxb2 37. Be5+ Kg6 38. Bxb2 h5 39. Kd3 f5 40. Kc4 g4 41. f4 h4 42. g3 hxg3 43.
hxg3 Kf7 44. Kxb4 Ke6 45. Bd4 Kd5 46. Ka5 Kc4 47. a4 Kb3 48. Kb6 Kxa4 49. Kxc6 Ka5 50.
Kd7 Ka6 51. c6 Kb5 52. c7 Kc4 53. c8=Q+ Kd3 54. Qc3+ Ke2 55. Qc2+ Kf3 56. Kd6 Kxg3 57. Ke5 Kf3 58. Kxf5 g3 59. Qd1+ Kf2 60. e4+ Kg2 61. Qg1+ Kh3 0-1

[Event "Betsys MČR v online bleskovém šachu 2021"]
[Site "Chess.com"]
[Date "2021.04.17"]
[Round "10"]
[White "Federer302"]
[Black "Dale00007"]
[Result "1-0"]
[WhiteElo "1586"]
[BlackElo "1393"]
[TimeControl "180+1"]
[EndTime "10:41:39 PDT"]
[Termination "Uživatel Federer302 zvítězil na čas"]

1. e4 c5 2. Nf3 d6 3. d4 cxd4 4. Nxd4 Nf6 5. Nc3 a6 6. a3 b5 7. f3 e6 8. Bg5 Be7 9. Be2 O-O 10. O-O Qc7 11. Qd2 Re8 12. Rad1 Nc6 13. Bxf6 Bxf6 14. Nxc6 Qxc6 15. Qxd6 Qxd6 16. Rxd6 Bxc3 17. bxc3 Bb7 18. Rfd1 Rac8 19. Rd7 Ba8 20. Ra7 Rxc3 21. Rdd7 Rxc2 22.
Bd3 Rc1+ 23. Kf2 Rec8 24. Rxf7 R1c3 25. Rxg7+ Kf8 26. Rxh7 Kg8 27. Ke2 Rxa3 28. Rag7+ Kf8 29. Rh8+ Kxg7 30. Rxc8 Ra2+ 31. Ke3 Kf6 32. Rxa8 Rxg2 33.
Rxa6 Rxh2 34. Bxb5 Rb2 35. Bc4 Ke7 36. Rxe6+ Kd7 37.
Bd5 Rc2 38. Kf4 Rc3 39. Ke5 Kc7 40. f4 Rc5 41. f5 Kd7 42. f6 Rc2 43. f7 Rf2 44.
Rf6 Rxf6 45. Kxf6 Kd8 46. f8=Q+ Kd7 47. Qe7+ Kc8 48. Ke6 Kb8 49. Kd6 1-0